 Dungeon Crawl Stone Soup version 0.32-a0-799-g95e1662365 (webtiles) character file.

Game seed: 629687745807727536

414 tetou the Covered (level 6, -1/53 HPs)
             Began as a Minotaur Fighter on Mar 21, 2024.
             Killed from afar by Ijyb (12 damage)
             ... with a bolt of acid
             ... on level 3 of the Dungeon.
             The game lasted 00:23:23 (3017 turns).

tetou the Covered (Minotaur Fighter)                Turns: 3017, Time: 00:23:23

Health: -1/53      AC:  8    Str: 22    XL:     6   Next: 60%
Magic:  0/5        EV:  9    Int:  5    God:
Gold:   116        SH:  4    Dex: 10    Spells: 5/5 levels left

rFire   . . .        a - +0 war axe
rCold   . . .        c - +0 buckler
rNeg    . . .        b - +0 scale mail
rPois   .            (helmet restricted)
rElec   .            (no cloak)
rCorr   .            E - +0 pair of gloves
SInv    .            (no boots)
Will    .....        I - amulet of guardian spirit Stlth
                     (no ring)
HPRegen 0.28/turn    (no ring)
MPRegen 0.09/turn

%: guardian spirit
@: no status effects
A: horns 2, retaliatory headbutt
a: no special abilities


You were on level 3 of the Dungeon.
You visited 1 branch of the dungeon, and saw 3 of its levels.

You collected 116 gold pieces.

Inventory:

Hand Weapons
 a - a +0 war axe (weapon)
 i - a +0 sling
 j - a +0 dagger
 m - a +0 dagger
 n - a +0 club
 o - a +0 short sword
 r - a +0 dagger
 s - a +0 club
 t - a +0 club
 y - a +0 dagger
 B - a +1 trident of pain
 C - a +0 short sword
 F - a +0 club
 G - a +0 dagger
Missiles
 d - a throwing net
 e - 2 javelins (quivered)
 g - 2 boomerangs
 p - 27 stones
 w - 9 poisoned darts
Armour
 b - a +0 scale mail (worn)
 c - a +0 buckler (worn)
 f - a +0 ring mail
 k - a +0 robe
 E - a +0 pair of gloves (worn)
Jewellery
 I - an amulet of guardian spirit (around neck)
Scrolls
 l - 4 scrolls of teleportation {unknown}
 v - a scroll of poison
 x - a scroll of identify {unknown}
Potions
 q - 3 potions of curing {unknown}
 u - a potion of mutation {unknown}
 z - 2 potions of degeneration {unknown}
 A - a potion of attraction {unknown}
 D - a potion of might
 H - 2 potions of magic {unknown}


   Skills:
 + Level 4.7 Fighting
 + Level 5.3 Axes
 + Level 5.8 Armour
 + Level 1.5 Dodging
 + Level 0.2 Stealth
 + Level 4.7 Shields


You had 5 spell levels left.
You didn't know any spells.
Your spell library contained the following spells:

 Spells                   Type           Power      Damage    Failure   Level
 Blink                    Tloc           0%         N/A       94%         2
 Lesser Beckoning         Tloc           0%         N/A       94%         2
 Momentum Strike          Conj/Tloc      0%         3d8       94%         2
 Dazzling Flash           Conj/Hex       0%         N/A       99%         3
 Gell's Gravitas          Tloc           0%         N/A       99%         3
 Mephitic Cloud           Conj/Alch/Air  0%         N/A       99%         3
 Teleport Other           Tloc           0%         N/A       99%         3
 Curse of Agony           Necr           0%         N/A       100%        5
 Silence                  Hex/Air        0%         N/A       100%        5


Dungeon Overview and Level Annotations

Branches:
Dungeon (3/15)

Altars:
Elyvilon

Shops:
D:2 [

Annotations:
D:3 Ijyb


Innate Abilities, Weirdness & Mutations

You have a pair of horns on your head.
You reflexively headbutt those who attack you in melee.


Message History

Ijyb is severely wounded.
Ijyb hits you but does no damage.
You closely miss Ijyb.
Ijyb is severely wounded.
Ijyb zaps a wand.
The bolt of acid hits you.
You barely miss Ijyb. You headbutt Ijyb, but do no damage.
Ijyb is severely wounded.
Ijyb barely misses you. You furiously retaliate!
You headbutt Ijyb, but do no damage. Ijyb hits you but does no damage.
You completely miss Ijyb.
Ijyb is severely wounded.
Ijyb zaps a wand.
The bolt of acid hits you.
You hit Ijyb but do no damage.
Ijyb is severely wounded.
Ijyb hits you with a +0 dagger.
You hit Ijyb but do no damage. Your headbutt misses Ijyb.
Ijyb is severely wounded.
Ijyb zaps a wand.
The bolt of acid hits you!
You barely miss Ijyb.
Ijyb is severely wounded.
Ijyb hits you but does no damage.
Ijyb zaps a wand.
The bolt of acid hits you!
You barely miss Ijyb.
Ijyb is severely wounded.
Ijyb hits you with a +0 dagger.
You hit Ijyb.
Ijyb is severely wounded.
You block Ijyb's attack.
You hit Ijyb but do no damage.
Ijyb is severely wounded.
Ijyb hits you but does no damage. Ijyb barely misses you.
You hit Ijyb. Your headbutt misses Ijyb.
Ijyb is almost dead.
Ijyb hits you but does no damage.
You closely miss Ijyb. You headbutt Ijyb.
Ijyb is almost dead.
Ijyb zaps a wand.
The bolt of acid hits you!
* * * LOW HITPOINT WARNING * * *
Ijyb zaps a wand.
The bolt of acid hits you!
You die...
Ijyb screams, "Time for next experiment!"

####### #.....<# #.....#
#......# #.....# #......#
#.....######......#
#.................#
#.....#####.......#
#.....# #.......# #.....#
#.......# . #....@#
#.......# ... ####.##
#.......#### .
....####g######.#####.....
.>.......#$#......# #.....
~......####........#####
#.....
##......#.....#..###.....#
#..... #........g.......#
#####.###.....
.................#
#..##...†.
.................#
##........


You could see Ijyb.

Vanquished Creatures
  Grinder (D:3)
  A sleepcap (D:3)
  Terence (D:3)
  Natasha (twice) (D:2)
  5 adders
  3 ribbon worms (D:2)
  7 orcs (D:3)
  5 bats
  3 endoplasms
  3 giant cockroaches
  7 goblins
  4 hobgoblins
  3 jackals (D:3)
  4 kobolds
  A quokka (D:1)
  7 ball pythons
  7 frilled lizards
  4 rats
68 creatures vanquished.

Notes
Turn   | Place    | Note
-------+----------+-------------------------------------------
     0 | D:1      | tetou the Minotaur Fighter began the quest for the Orb.
     0 | D:1      | Reached XP level 1. HP: 19/19 MP: 0/0
   466 | D:1      | Reached XP level 2. HP: 27/27 MP: 1/1
  1059 | D:1      | Found a faded altar of an unknown god.
  1222 | D:2      | Reached XP level 3. HP: 31/33 MP: 2/2
  1255 | D:2      | Found Kizoenoo's Antique Armour Shoppe.
  1550 | D:2      | Reached XP level 4. HP: 40/40 MP: 3/3
  1564 | D:2      | Noticed Natasha
  1569 | D:2      | Killed Natasha
  1797 | D:2      | Noticed Natasha
  1827 | D:2      | Killed Natasha
  1828 | D:2      | Reached skill level 5 in Armour
  2202 | D:3      | Reached XP level 5. HP: 32/46 MP: 4/4
  2326 | D:3      | Found a white marble altar of Elyvilon.
  2449 | D:3      | Noticed Terence
  2457 | D:3      | Killed Terence
  2656 | D:3      | Reached skill level 1 in Dodging
  2854 | D:3      | Noticed Grinder
  2871 | D:3      | Paralysed by Grinder for 2 turns
  2875 | D:3      | Paralysed by Grinder for 4 turns
  2892 | D:3      | Paralysed by Grinder for 2 turns
  2902 | D:3      | Killed Grinder
  2903 | D:3      | Reached skill level 5 in Axes
  2903 | D:3      | Reached XP level 6. HP: 33/53 MP: 3/5
  2986 | D:3      | Noticed Ijyb
  3017 | D:3      | Killed from afar by Ijyb

Illustrated notes

Levels and vault maps discovered:
D:1:      dpeg_arrival_castle, layout_loops_ring, basic_ecumenical_altar,
          minmay_misc_feat_room, minmay_misc_feat_secret_circle,
          reono_crystal_passage
D:2:      minmay_angry_zag, layout_rooms, serial_shops, shop, uniq_natasha
D:3:      layout_rooms, elyvilon_altar_1, fedhas_altar_2, uniq_grinder,
          uniq_ijyb, uniq_terence

Skill      XL: |  1  2  3  4  5 |
---------------+----------------+-----
Armour         | 4 5 |  5.8
Shields        | 4 |  4.7
Fighting       | 4 |  4.7
Axes           | 3 5 |  5.3
Dodging        | 1 |  1.5
Stealth        | |  0.2

Action                     |  1- 3 |  4- 6 || total
---------------------------+-------+-------++-------
  Melee: War axe           |    81 |   183 ||   264
         Headbutt          |     9 |    48 ||    57
    Use: Scroll            |     2 |     2 ||     4
         Potion            |       |     3 ||     3
 Armour: Scale mail        |    83 |   123 ||   206
  Dodge: Dodged            |    40 |    44 ||    84
  Block: Buckler           |    24 |    24 ||    48

Table legend: (Time is in decaauts)
 A = Elapsed time spent in this place.
 B = Non-inter-level travel time spent in this place.
 C = Inter-level travel time spent in this place.
 D = Time resting spent in this place.
 E = Time spent auto-exploring this place.
 F = Levels seen in this place.
 G = Mean time per level.
                   A        B        C        D        E       F      G
               +--------+--------+--------+--------+--------+-----+--------+
         Total |   3148 |   3010 |    138 |    351 |   1105 |   3 | 1049.3 |
       Dungeon |   3148 |   3010 |    138 |    351 |   1105 |   3 | 1049.3 |
               +--------+--------+--------+--------+--------+-----+--------+

Top non-repeatable levels by time:
     D:1: 1216 daAuts
     D:2: 1051 daAuts
     D:3: 880 daAuts
